[Event "FIDE WSTC Open 50 2025"]
[Site "Prague"]
[Date "2025.02.19"]
[Round "3.39"]
[White "Wolf, Volker"]
[Black "Fink-Nunn, Petra"]
[Result "1-0"]
[Annotator "TA"]
[ECO "C26"]
[WhiteElo "2206"]
[BlackElo "2003"]
[PlyCount "69"]
[EventDate "2025.02.17"]
[EventType "team-tourn"]
[EventCountry "CZE"]
[SourceTitle "playchess.com"]
[Source "ChessBase"]
[SourceQuality "1"]
[TimeControl "40/5400+30:1800+30"]

1. e4 e5 2. Nc3 Nf6 3. g3 Bc5 4. Bg2 Nc6 5. d3 d6 6. h3 O-O 7. Na4 Bb6 8. Nxb6 axb6 9. Nf3 h6 10. O-O Be6 11. Re1 {[%emt 0:05:27] C26: Vienna Game: 2...Nf6, sidelines .} Nh7 $146 ({Predecessor:} 11... Qd7 12. Kh2 b5 13. b3 Rfe8 14. Bb2 Rad8 15. d4 exd4 16. Nxd4 Nxd4 17. Qxd4 c5 {1-0 Siraj,S (2182)-Beber,A (1606) Nova Gorica op 28th 2024 (5)}) 12. d4 exd4 13. Nxd4 {[%emt 0:00:20] White is slightly better.} Nxd4 14. Qxd4 Qf6 15. Qxf6 Nxf6 16. b3 b5 17. Bb2 Nd7 18. f4 f6 19. a3 Nc5 20. Rad1 Rad8 21. Bd4 Ra8 (21... Bc8 $14) 22. e5 $18 fxe5 23. fxe5 Rfe8 (23... Rae8 $16 24. exd6 cxd6) 24. exd6 cxd6 {[%emt 0:00:02] [#]} 25. Bxc5 $1 dxc5 26. Bxb7 Rxa3 (26... Rab8 $142) 27. Bc6 $1 Re7 28. Bxb5 (28. Rd8+ $18 {is the precise move to win.} Kf7 29. Rf1+ Kg6 30. Rd6) 28... Kf7 (28... Raa7 $16 29. Re5 Bxh3 30. Rd8+ (30. Rxc5 Bg4 $16) 30... Kh7 31. Bd3+ (31. Rxc5 Ra1+ 32. Kh2 Bf1 $16) 31... g6 32. Rxe7+ (32. Rxc5 Ra1+ 33. Kh2 Bf1 $16) 32... Rxe7) 29. Rd2 {[%emt 0:01:41] and Rf2+ should not be overlooked} Raa7 {[%emt 0:04:38] [#]} 30. Rf2+ $1 Kg8 31. Rfe2 Reb7 (31... Kf7 $142 32. Rf1+ Kg8 33. Rxe6 Rxe6) 32. Bc6 Bxh3 33. Bxb7 {[%emt 0:00:09] White is clearly winning.} Rxb7 34. Re7 Rb4 35. Rc7 {Weighted Error Value: White=0.18 (very precise) /Black=0.47  Missed win:     	White=1     	---        Mistake:       	---       	Black=5      Inaccurate:     	---       	Black=2      OK:         	White=10    	Black=3      Best:        	White=4     	Black=1      Strong:       	White=2     	---} 1-0

[Event "FIDE WSTC Open 50 2025"]
[Site "Prague"]
[Date "2025.02.19"]
[Round "3.40"]
[White "Frostick, Helen M"]
[Black "Polster, Wolfgang"]
[Result "1/2-1/2"]
[Annotator "TA"]
[ECO "B06"]
[WhiteElo "1880"]
[BlackElo "2131"]
[PlyCount "39"]
[EventDate "2025.02.17"]
[EventType "team-tourn"]
[EventCountry "CZE"]
[SourceTitle "playchess.com"]
[Source "ChessBase"]
[SourceQuality "1"]
[TimeControl "40/5400+30:1800+30"]

1. e4 c6 2. d4 g6 3. Nc3 Bg7 4. Nf3 d6 5. Be2 Nf6 6. a4 a5 7. O-O O-O 8. h3 Qc7 9. Re1 {[%emt 0:07:23] B08: Pirc Defence: Classical System.} e5 10. dxe5 dxe5 11. Be3 {[%emt 0:01:04] White is slightly better.} h6 $146 (11... Rd8 $11 {is superior.} 12. Qc1 Ne8) (11... Na6 12. Bc4 Nh5 13. Qd2 Nf4 14. Rad1 Be6 15. Bxe6 Nxe6 16. Qd6 Qxd6 17. Rxd6 Nac5 {½-½ Schippel,G (2004)-Privitera,F (1934) St Veit op 43rd 2024 (8)}) 12. Qc1 Kh7 13. Bc5 Re8 14. Rd1 Bf8 {[%emt 0:02:19] Repels Bd6} 15. Bxf8 Rxf8 16. Qe3 $36 {[%emt 0:01:34][%mdl 2048] White has good play.} Be6 17. Rd2 Nbd7 18. Rad1 Ne8 (18... Kg7 $11 {remains equal.}) 19. Nh2 {[%emt 0:09:48] White is much more active.} (19. Bc4 $1 $16 {[%cal Rc4e6] Bxe6 would now be deadly.} Nef6 20. Bxe6 fxe6 21. Qd3) 19... Qb6 $2 {[%emt 0:03:59][%mdl 8192] [#]} (19... Nef6 $11 {and Black has nothing to worry.}) 20. Qxb6 $2 {[%emt 0:01:15] Weighted Error Value: White=0.23 (precise) /Black=0.59  Loses game:     	---       	Black=1      Missed win:     	White=1     	---        Mistake:       	White=1     	Black=2      Inaccurate:     	White=2     	Black=1      OK:         	White=3     	Black=4} ({White has to play} 20. Rxd7 $18 Qxe3 21. fxe3 Bxd7 22. Rxd7) 1/2-1/2

[Event "FIDE WSTC Open 50 2025"]
[Site "Prague"]
[Date "2025.02.20"]
[Round "4.1"]
[White "David, Alberto"]
[Black "Adams, Michael"]
[Result "1/2-1/2"]
[Annotator "TA"]
[ECO "E20"]
[WhiteElo "2467"]
[BlackElo "2664"]
[PlyCount "52"]
[EventDate "2025.02.17"]
[EventType "team-tourn"]
[EventCountry "CZE"]
[SourceTitle "playchess.com"]
[Source "ChessBase"]
[SourceQuality "1"]
[TimeControl "40/5400+30:1800+30"]

1. d4 Nf6 2. c4 e6 3. Nc3 Bb4 4. f3 d5 5. a3 Bxc3+ 6. bxc3 c6 7. e3 {[%emt 0:12:55] 7.e4 is the hot move.} O-O {[%emt 0:00:26] E20: Nimzo-Indian: 4 g3 and 4 f3.} 8. Bd3 dxc4 9. Bxc4 c5 10. Ne2 Qc7 11. Bd3 Nc6 12. O-O $146 ({Predecessor:} 12. e4 e5 13. d5 Na5 14. O-O b6 15. Kh1 c4 16. Bc2 Nb7 17. f4 Bg4 18. h3 Bxe2 19. Qxe2 {½-½ Suraj,D (1909)-Ekaaksha,P (1767) New Delhi Matrix Cup 4th 2025 (5)}) 12... e5 13. Bb2 Rd8 14. Qe1 Be6 15. Kh1 Qb6 16. Bc1 cxd4 17. Rb1 Qa5 {[%emt 0:05:29] [#]} 18. Rb5 (18. cxd4 $11 Qxe1 19. Rxe1) 18... Qa4 (18... Qc7 $15 19. cxd4 exd4 20. exd4 Nxd4) 19. cxd4 $11 exd4 20. Rxb7 dxe3 21. Bb5 Qc2 22. Bxe3 Bc4 {[%emt 0:00:57][%cal Od8e8] [#] White must now prevent ...Re8!.} 23. Bxc6 {[%emt 0:01:45][%cal Oe1c1] This pair of bishops is nice.} Bxe2 24. Qc1 Qd3 25. Re1 {[%emt 0:00:02][%cal Ob7b2] Rb2! is the strong threat.} Rac8 $1 26. Rb2 (26. Bxa7 $2 {loses.} Qa6 27. Qc5 (27. Bb6 $2 Rd6 $19) 27... Rxc6 $19 (27... Qxc6 28. Qxc6 Rxc6 29. Rxe2 $17)) (26. Qc5 $5) 26... Qa6 {[%emt 0:05:37] Weighted Error Value: White=0.11 (very precise) /Black=0.12 (very precise)   Mistake:       	White=1     	Black=1      Inaccurate:     	White=1     	Black=2      OK:         	White=8     	Black=8      Best:        	---       	Black=2      Strong:       	---       	Black=1} 1/2-1/2

[Event "FIDE WSTC Open 50 2025"]
[Site "Prague"]
[Date "2025.02.20"]
[Round "4.3"]
[White "Bellini, Fabio"]
[Black "Hebden, Mark L"]
[Result "1/2-1/2"]
[Annotator "TA"]
[ECO "C55"]
[WhiteElo "2408"]
[BlackElo "2363"]
[PlyCount "90"]
[EventDate "2025.02.17"]
[EventType "team-tourn"]
[EventCountry "CZE"]
[SourceTitle "playchess.com"]
[Source "ChessBase"]
[SourceQuality "1"]
[TimeControl "40/5400+30:1800+30"]

1. e4 e5 2. Nf3 Nc6 3. Bc4 Nf6 4. d3 Be7 5. O-O O-O 6. Nc3 d6 7. a4 $1 {[%emt 0:00:39][%mdl 4] is currently scoring better than 7.h3. C55: Two Knights: 4 d3, 4 d4 exd4 5 e5 and Max Lange Attack.} Na5 8. Ba2 c5 9. Bg5 {[%emt 0:03:12] White has an edge.} Nc6 10. Bxf6 Bxf6 11. Nd5 g6 12. c3 Bg7 13. b4 $146 ({Predecessor:} 13. Qd2 Bg4 14. Qe3 Rc8 15. h3 Be6 16. Rfc1 Ne7 17. Nxe7+ Qxe7 18. Bxe6 Qxe6 19. b4 {0-1 Firouzja,A (2763)-So,W (2747) Wch Blitz Final 2024 (1.4)}) 13... Kh8 14. b5 Ne7 15. d4 (15. Qd2 $14) 15... exd4 $11 16. cxd4 Bg4 17. dxc5 dxc5 18. Rc1 Rc8 19. Re1 b6 20. Rc2 Nxd5 21. Bxd5 Qe7 22. Qd3 Rfd8 23. Ree2 Qf6 24. h3 Bxf3 25. Qxf3 Qxf3 (25... Qa1+ {feels hotter.} 26. Kh2 Qxa4 27. Qxf7 Qxb5 28. Qxa7 c4) 26. gxf3 Rc7 27. Rc4 Bd4 28. a5 f5 29. axb6 axb6 30. Ra2 fxe4 {[%emt 0:00:25] Opposite bishops and equal position} 31. fxe4 Rf8 32. Kg2 Re7 33. Rca4 Rf6 34. f3 h5 35. Ra7 $1 Rxa7 36. Rxa7 $14 {[%emt 0:00:03][%mdl 4096] Endgame KRB-KRB} g5 37. h4 gxh4 {[%emt 0:00:31] The position is equal.} 38. Kh3 c4 39. Bxc4 Rxf3+ 40. Kxh4 Rf4+ 41. Kg5 Rxe4 {[%emt 0:32:01] [#] aiming for ...Be3+.} 42. Kg6 Rg4+ 43. Kxh5 Rg3 44. Rd7 Be3 45. Rd8+ Kh7 {[%emt 0:00:00] Weighted Error Value: White=0.09 (flawless) /Black=0.08 (flawless)   Mistake:       	White=1     	---        Inaccurate:     	White=3     	Black=2      OK:         	White=13    	Black=14     Best:        	White=1     	Black=3      Strong:       	White=1     	---} 1/2-1/2

[Event "FIDE WSTC Open 50 2025"]
[Site "Prague"]
[Date "2025.02.20"]
[Round "4.4"]
[White "Emms, John M"]
[Black "D'Amore, Carlo"]
[Result "0-1"]
[Annotator "TA"]
[ECO "C50"]
[WhiteElo "2409"]
[BlackElo "2362"]
[PlyCount "116"]
[EventDate "2025.02.17"]
[EventType "team-tourn"]
[EventCountry "CZE"]
[SourceTitle "playchess.com"]
[Source "ChessBase"]
[SourceQuality "1"]
[TimeControl "40/5400+30:1800+30"]

1. e4 e5 2. Nf3 Nc6 3. Bc4 Bc5 4. O-O Nf6 5. d3 d6 6. c3 a5 {[%emt 0:02:23] C54: Giuoco Piano: 4 c3 Nf6, main lines with 5 d4 and 5 d3.} 7. Re1 Ba7 8. Nbd2 Ne7 {[%emt 0:12:05] The position is equal.} 9. h3 Ng6 10. Nf1 O-O 11. Ng3 h6 12. Bb3 Nh7 $146 ({Predecessor:} 12... Be6 13. Bc2 c5 14. d4 cxd4 15. cxd4 Qb6 16. Be3 Qxb2 17. Bb3 Bxb3 18. axb3 Qc3 {1-0 Caruana,F (2782)-Robson,R (2689) FIDE World Cup 2023 (4.2)}) 13. d4 Qf6 14. Be3 Ng5 15. Nxg5 hxg5 16. Nf5 Nf4 17. Kh2 (17. Ng3 $11) 17... g6 18. Nh6+ Kg7 19. Ng4 Bxg4 20. Qxg4 a4 $1 21. Bc4 exd4 22. cxd4 Bxd4 23. Bxd4 Qxd4 24. Qxg5 Nxh3 (24... Qxf2 $2 25. Rf1 Nxh3 (25... Qxb2 $2 26. Qxf4 Ra5 27. Rab1 $18) 26. Qe7 (26. Qc1 Qd4 $14) 26... Qxb2 27. Rab1 (27. Kxh3 $2 Qc3+ 28. g3 Qxc4 $19) (27. Rxf7+ Rxf7 28. Qxf7+ Kh6 $11) 27... Qe5+ 28. Qxe5+ (28. Kxh3 $2 Qxe7 29. Rbe1 Rh8+ 30. Kg3 Qe5+ 31. Kg4 f5+ 32. exf5 gxf5+ 33. Kf3 Qc3+ 34. Kf2 Qd4+ 35. Kf3 Qxc4 $19) 28... dxe5 29. Kxh3 $18 (29. gxh3 Rab8 $16)) (24... Nxg2 {simplifies} 25. Kxg2 Qxc4 26. Qd2 Rfc8) 25. Qd5 Qxd5 (25... Qxf2 26. Rf1 Qxb2 27. Rab1 $16 (27. Kxh3 Qc3+ 28. g3 Ra5 $14)) 26. exd5 Nf4 (26... Nxf2 27. Kg3 $14) 27. Kg3 Nh5+ 28. Kf3 Ra5 29. b4 axb3 30. axb3 Rfa8 31. Rxa5 Rxa5 $17 {[%emt 0:00:05][%mdl 4096] Endgame KRB-KRN. Black is a pawn up.} 32. Re7 (32. b4 $17 {was the only defense.} Ra4 (32... Ra3+ 33. Ke4 $15) 33. Rb1) 32... Rc5 $1 $19 33. g4 Nf6 34. g5 Nh7 (34... Nxd5 35. Bxd5 Rxd5 36. Rxc7) 35. Kg4 b5 36. Bf1 Kf8 37. Re1 Rxd5 38. f4 b4 39. Rc1 c5 (39... f5+ $19 40. Kh4 Rc5) 40. Ra1 $1 $15 Rd4 ({Black should try} 40... Kg8 $1 $15 41. Ra7 Rd1) 41. Ra7 (41. Bb5 $1 $11) 41... d5 42. Rb7 {[%emt 0:00:00] Black continues to play with concentration.} (42. Rd7 $1 $15) 42... Rd1 $1 $19 {[%emt 0:00:00] White must now prevent ...f5+.} 43. Be2 Rg1+ 44. Kh4 {[%emt 0:00:00] [#]} (44. Kf3 $142) 44... f6 $1 45. Bf3 fxg5+ 46. fxg5 Nxg5 47. Bxd5 {[%emt 0:00:00] [#]} Rd1 $1 ({Not} 47... Ke8 48. Rc7 $11) 48. Kxg5 (48. Bc4 $142 Ne4 49. Rc7) 48... Rxd5+ 49. Kxg6 $2 {[%emt 0:00:03] KR-KR. Black is a pawn up.} (49. Kf6 Rd6+ 50. Kg5) 49... Rd3 50. Rc7 Rxb3 51. Rxc5 {[%emt 0:00:03] [#]} Ke7 $1 {[%emt 0:00:00] ( -> ...Rb1)} 52. Kf5 Kd6 53. Rb5 Kc6 54. Re5 Rb1 55. Re2 Kd5 56. Rd2+ Kc4 57. Rc2+ Kd3 58. Rc8 Re1 {[%emt 0:00:00] Weighted Error Value: White=0.50/Black=0.09 (flawless)   Missed win:     	---       	Black=1      Mistake:       	White=7     	Black=1      Inaccurate:     	White=6     	Black=1      OK:         	White=16    	Black=15     Best:        	White=2     	Black=6      Strong:       	White=1     	Black=5} (58... b3 $142 59. Rd8+ Kc3 60. Rc8+ Kb2) 0-1

[Event "FIDE WSTC Open 50 2025"]
[Site "Prague"]
[Date "2025.02.20"]
[Round "4.5"]
[White "Hjartarson, Johann"]
[Black "Kazhgaleyev, Murtas"]
[Result "0-1"]
[Annotator "TA"]
[ECO "B38"]
[WhiteElo "2464"]
[BlackElo "2495"]
[PlyCount "106"]
[EventDate "2025.02.17"]
[EventType "team-tourn"]
[EventCountry "CZE"]
[SourceTitle "playchess.com"]
[Source "ChessBase"]
[SourceQuality "1"]
[TimeControl "40/5400+30:1800+30"]

1. e4 c5 2. Nf3 Nc6 3. d4 cxd4 4. Nxd4 g6 5. c4 Bg7 6. Be3 Qb6 $1 {[%emt 0:00:06][%mdl 4] is now more promising than 6...Nf6.} 7. Nb3 {[%emt 0:03:03] B38: Sicilian: Maroczy Bind with 5...Bg7 and 7...0-0.} Qd8 8. Nc3 Bxc3+ 9. bxc3 {[%emt 0:00:09] The position is equal.} Nf6 10. f3 d6 11. Bh6 Be6 12. Rb1 $146 (12. Nd4 Qa5 13. Qd2 Ne5 14. Nxe6 fxe6 15. Rb1 Qc7 16. c5 dxc5 17. Qf4 Rd8 18. Bb5+ {1-0 Pultinevicius,P (2599)-Galchenko,M (2438) Kuressaare Saaremaa Rapid op 2024 (9)}) 12... Rc8 13. Nd4 Qa5 (13... Na5 $11) 14. Nxe6 (14. Rxb7 $2 Qxc3+ (14... Qxa2 15. Bg7 $16) 15. Qd2 Qxd4 $19) 14... fxe6 15. Rxb7 Qxc3+ 16. Qd2 Qa1+ (16... Qxd2+ 17. Kxd2 Kf7 18. Be2 Rhd8) 17. Kf2 (17. Qc1 {simplifies} Qxc1+ 18. Bxc1 Kf7 19. c5) 17... Kf7 18. Rg1 Rb8 {[%emt 0:06:08] Dancing on a razor blade.} 19. Rb5 {[%emt 0:03:04] Hoping for Bd3.} Qd4+ 20. Be3 Qxd2+ 21. Bxd2 a6 22. Rxb8 Rxb8 23. Bc3 {[%emt 0:00:06] Prevents Rb2+} Nb4 $36 {[%emt 0:02:04][%mdl 2048] Black is more active.} 24. c5 Nxa2 25. Ba1 Nb4 26. cxd6 exd6 27. e5 (27. Be2 $15) 27... Nc2 28. Bxa6 Ra8 29. exf6 {[%emt 0:04:14] Black converts the advantage convincingly.} (29. Rc1 $1 $15) 29... Rxa6 $15 {[%emt 0:00:23][%mdl 4096] Endgame KRB-KRN} 30. Bc3 Ra3 31. Bd2 Kxf6 32. Rb1 Nd4 33. Rb7 Ra2 34. Ke3 ({Better is} 34. Ke1) 34... h5 $17 35. f4 {[%emt 0:05:52][%cal Od2c3] [#]} e5 $1 36. fxe5+ dxe5 37. Rb6+ Kf5 38. h3 h4 39. Rd6 (39. Rb8 $142) 39... Ne6 40. Rd7 Nf4 41. Kf3 (41. Rd8) 41... e4+ $19 42. Kf2 {[%emt 0:00:12] [#]} Nxg2 $1 43. Kxg2 {[%emt 0:00:12] KRB-KR} (43. Kg1 e3) 43... e3 44. Kf3 exd2 {[%emt 0:00:13] KR-KR. Black is two pawns up.} ({Not} 44... Rxd2 45. Rf7+ Ke6 46. Kxe3 $11) 45. Rd5+ Ke6 46. Rd8 Kf6 47. Rd6+ Ke5 48. Rd8 g5 49. Re8+ $2 (49. Rd7) 49... Kd4 50. Rd8+ Kc4 {[%emt 0:01:33] and ...Kb4 should not be overlooked} 51. Ke2 {[%emt 0:02:16] [#]} g4 $1 {[%emt 0:02:00] Black mates.} 52. Rh8 (52. Rc8+ Kd5) 52... g3 53. Rxh4+ Kc3 {[%emt 0:00:05] Weighted Error Value: White=0.59/Black=0.16 (very precise)   Mistake:       	White=5     	Black=1      Inaccurate:     	White=5     	Black=4      OK:         	White=11    	Black=17     Best:        	White=3     	Black=3      Strong:       	---       	Black=1} 0-1

[Event "FIDE WSTC Open 50 2025"]
[Site "Prague"]
[Date "2025.02.20"]
[Round "4.6"]
[White "Kotsur, Pavel"]
[Black "Petursson, Margeir"]
[Result "1-0"]
[Annotator "TA"]
[ECO "E11"]
[WhiteElo "2478"]
[BlackElo "2403"]
[PlyCount "133"]
[EventDate "2025.02.17"]
[EventType "team-tourn"]
[EventCountry "CZE"]
[SourceTitle "playchess.com"]
[Source "ChessBase"]
[SourceQuality "1"]
[TimeControl "40/5400+30:1800+30"]

1. d4 Nf6 2. c4 e6 3. Nf3 Bb4+ 4. Bd2 c5 5. Bxb4 cxb4 6. e3 O-O 7. Bd3 $1 {[%emt 0:07:33] The main line 7.Bd3 scores better than 7.Be2.} d6 8. Nbd2 a5 {[%emt 0:16:16] E11: Bogo-Indian.} 9. O-O b6 10. Re1 Nc6 {[%emt 0:07:49] White is slightly better.} 11. d5 $146 (11. Qc2 Ba6 12. d5 exd5 13. cxd5 Bxd3 14. Qxd3 Ne7 15. e4 Ng6 16. Rac1 Rc8 17. Rc6 {1-0 Soza de la Carrera,J (2252)-Parada Garces,J (1766) Antofagasta Zicosur op 2nd 2016 (1)}) 11... Ne5 12. Nxe5 dxe5 13. e4 Nd7 14. a3 {[%emt 0:01:57] axb4 is in the air} Nc5 15. Bc2 Bd7 16. Re3 Qe7 17. Qe2 Qd6 18. a4 (18. Qh5 {feels hotter.} g6 19. Qh6 f6 20. f4) 18... Rae8 19. Nf3 f6 20. b3 Rd8 21. Ne1 Bc8 22. Rd1 Qc7 23. g3 Rfe8 24. Ng2 Re7 25. Nh4 Nb7 26. Red3 Rd6 27. R3d2 Nc5 28. Qe1 Re8 29. Qe2 Re7 30. Re1 Rd8 31. Rdd1 Ree8 32. Qe3 Nb7 33. Rd2 Qc5 34. Qe2 Qc7 35. Ng2 exd5 36. exd5 Nd6 37. Nh4 f5 38. f3 Qc5+ 39. Qf2 Qxf2+ 40. Kxf2 Kf7 41. g4 g6 42. Rde2 Kf6 43. h3 Bd7 44. Ng2 Nf7 45. Ne3 f4 (45... h5 $11) 46. Nf1 Nd6 (46... h5 $14) 47. h4 $16 h6 48. Nd2 g5 49. Rh1 {[%emt 0:00:00] [#]} Rh8 50. Ke1 Rdg8 ({Better is} 50... gxh4 51. Rxh4 Be8) 51. Reh2 gxh4 52. Rxh4 Nf7 53. Ne4+ Ke7 54. Kf2 Rd8 (54... Rg6 55. Rh5 Rf8 56. d6+ Nxd6) 55. Rh5 Bc8 56. Nd2 Rhg8 57. Bf5 Bxf5 58. Rxf5 {[%emt 0:00:32] White attacks} Rg5 $2 (58... Rg6 59. Ne4 Rc8) 59. Rxh6 Nxh6 (59... Rxf5 {was worth a try.} 60. Re6+ (60. Rxb6 $2 {perishes.} Rf6 $19) 60... Kd7) 60. Rxg5 $18 {[%emt 0:00:06][%mdl 4096] Endgame KRN-KRN. White is a pawn up. White is clearly winning.} Nf7 61. Rh5 Kf6 62. Ne4+ Kg6 63. Rf5 {[%emt 0:01:03] [#]} Rh8 64. Kg2 {[%emt 0:00:04] And now Rf6+ would win.} Rb8 65. Rf6+ Kg7 66. Re6 Rb7 67. Nd6 {[%emt 0:01:10] Weighted Error Value: White=0.08 (flawless) /Black=0.20 (precise)   Mistake:       	---       	Black=6      Inaccurate:     	White=1     	Black=1      OK:         	White=20    	Black=13     Best:        	White=1     	Black=2} 1-0

[Event "FIDE WSTC Open 50 2025"]
[Site "Prague"]
[Date "2025.02.20"]
[Round "4.7"]
[White "Olafsson, Helgi"]
[Black "Temirbayev, Serikbay"]
[Result "0-1"]
[Annotator "TA"]
[ECO "E97"]
[WhiteElo "2466"]
[BlackElo "2372"]
[PlyCount "74"]
[EventDate "2025.02.17"]
[EventType "team-tourn"]
[EventCountry "CZE"]
[SourceTitle "playchess.com"]
[Source "ChessBase"]
[SourceQuality "1"]
[TimeControl "40/5400+30:1800+30"]

1. d4 Nf6 2. c4 g6 3. Nc3 Bg7 4. e4 d6 5. Be2 O-O 6. Nf3 e5 7. O-O Nc6 8. d5 Ne7 9. b4 a5 10. bxa5 c5 11. a4 Rxa5 {[%emt 0:03:21] E97: King's Indian: Classical Main Line (6...e5 7 0-0 Nc6): 8 Be3 and 8 d5 Ne7, not 9 Ne1.} 12. Bd2 Ra6 13. Rb1 {[%emt 0:00:58] was the old line (13.Ra3).} Ne8 {[%emt 0:13:20] White is slightly better.} 14. g3 h6 $146 ({Predecessor:} 14... f5 15. Ng5 Nc7 16. Nb5 fxe4 17. Nxe4 Nf5 18. Bd3 Nxb5 19. axb5 Ra3 20. Bc3 Nd4 21. Bxd4 exd4 {1-0 Yilmaz,M (2614)-Pichot,A (2556) Dubai op 19th 2017 (5)}) 15. Nh4 f5 {[%emt 0:16:15] Inhibits Bg4.} (15... g5 $1 $11) 16. exf5 $16 gxf5 17. f4 (17. Kh1 $16) 17... e4 $14 18. Kh1 Nf6 19. Nb5 Kh7 20. h3 Ng6 21. Ng2 Ne8 {[%emt 0:01:14][%csl Ob5] Strong Square White (b5)} 22. g4 Nh4 23. Nxh4 (23. Rg1 $14) 23... Qxh4 $11 24. Kg2 Rg8 25. Be1 Qe7 26. Bg3 (26. Kh2 $11 {is more appropriate.}) 26... Bf6 $15 27. Kh1 Kh8 (27... Nc7 $17) 28. Bh2 (28. Rg1 $11) 28... Bh4 29. Rg1 Bf2 ({Black should try} 29... e3 $17 {Black wants to play ...Bf2.} 30. Bg3 fxg4) 30. Rg2 $11 e3 31. Nc3 Qh4 32. gxf5 (32. Rb3 $1 $11 {keeps the balance.}) 32... Rxg2 $17 (32... Bxf5 33. Rxg8+ Kxg8 34. Rxb7 $14) 33. Kxg2 b6 {[%emt 0:03:26][%cal Oe8f6] Dancing on a razor blade. Black is more active.} (33... Bxf5 $6 34. Bg4 Bxb1 35. Qxb1 $11) 34. Bg4 $2 {[%emt 0:06:33] [#]} (34. Bd3 $17 {was forced.}) 34... h5 $1 35. Bxh5 $15 Bxf5 {[%emt 0:00:04][%csl Of2] Strong Square Black (f2)} 36. Bxe8 (36. Bg4 $15 Bxb1 37. Qxb1) 36... Qxh3+ 37. Kh1 Bg4 {[%emt 0:00:12] Weighted Error Value: White=0.48/Black=0.26 (precise)   Loses game:     	White=2     	---        Missed win:     	---       	Black=1      Mistake:       	White=5     	Black=3      Inaccurate:     	White=2     	---        OK:         	White=7     	Black=7      Best:        	White=4     	Black=3} 0-1

[Event "FIDE WSTC Open 50 2025"]
[Site "Prague"]
[Date "2025.02.20"]
[Round "4.8"]
[White "Min, Valeriy"]
[Black "Arnason, Jon L"]
[Result "0-1"]
[Annotator "TA"]
[ECO "A09"]
[WhiteElo "2273"]
[BlackElo "2405"]
[PlyCount "74"]
[EventDate "2025.02.17"]
[EventType "team-tourn"]
[EventCountry "CZE"]
[SourceTitle "playchess.com"]
[Source "ChessBase"]
[SourceQuality "1"]
[TimeControl "40/5400+30:1800+30"]

1. Nf3 d5 2. c4 dxc4 3. Qa4+ Nd7 4. Qxc4 Ngf6 5. g3 e6 6. Bg2 c5 7. O-O a6 8. a4 b5 9. Qc2 Bb7 10. d3 Be7 11. Nc3 Bc6 {[%emt 0:12:33] A13: English Opening: 1...e6.} 12. Nd2 Bxg2 13. Kxg2 O-O {[%emt 0:01:44] The position is equal.} 14. Nf3 Qb6 15. Qb3 $146 ({Predecessor:} 15. axb5 axb5 16. Rxa8 Rxa8 17. Qb3 Ra5 18. Bd2 h6 19. Rc1 Kf8 20. Nb1 Ra8 21. Nc3 Ra5 22. Nb1 Ra8 23. Nc3 Ra5 {½-½ Laznicka,V (2658)-Vallejo Pons,F (2687) GRE-chT 47th 2019 (4.3)}) 15... Rab8 16. Bf4 Rb7 17. axb5 axb5 18. e4 Qc6 19. Rfc1 Rc8 20. Qd1 h6 21. h4 Rb6 22. Ra7 Ra6 23. Ra1 Rxa7 24. Rxa7 Bd8 25. Qb3 Bb6 26. Ra6 c4 27. Qxb5 (27. dxc4 $1 $11 bxc4 28. Qa4 Qxa4 29. Nxa4) 27... Qxb5 $15 28. Nxb5 {[%emt 0:00:24] [#] and Nd6 should not be overlooked} cxd3 29. Nd6 $2 {[%emt 0:00:43] Loses the game.} (29. Nc3 $15) 29... Rc2 $1 $19 30. Bd2 g5 (30... Rxb2 31. Ra3 $17) 31. hxg5 hxg5 32. Be1 $2 {[%emt 0:00:52] [#]} (32. g4 {keeps fighting.}) 32... Bxf2 $1 {[%emt 0:03:11][%mdl 512] Black is clearly winning.} 33. Bxf2 Ng4 34. Nxg5 Rxf2+ 35. Kg1 d2 36. Ra1 Nde5 {[%emt 0:00:47] White must now prevent ...Kg7.} 37. b3 f6 {[%emt 0:04:03] Weighted Error Value: White=0.89/Black=0.03 (flawless)   Loses game:     	White=1     	---        Mistake:       	White=2     	---        Inaccurate:     	White=3     	---        OK:         	White=6     	Black=11     Best:        	---       	Black=3      Brilliant:      	---       	Black=1} 0-1